 Dungeon Crawl Stone Soup version 0.24.0-37-gcf1ca852f1 (webtiles) character file.

Game seed: 1237165048015994810, levelgen mode: deterministic

96 Gruesph the Gusty (level 4, -1/26 HPs)
             Began as a Tengu Air Elementalist on Nov 29, 2019.
             Slain by a goblin
             ... wielding a +0 dagger
             ... led by Robin
              (5 damage)
             ... on level 2 of the Dungeon.
             The game lasted 00:12:06 (2549 turns).

Gruesph the Gusty (Tengu Air Elementalist)          Turns: 2549, Time: 00:12:07

Health: -1/26      AC:  2    Str:  9    XL:     4   Next: 67%
Magic:  3/9        EV: 12    Int: 16    God:
Gold:   76         SH:  0    Dex: 14    Spells: 5/8 levels left

rFire    . . .     SeeInvis .   a - +0 hunting sling
rCold    . . .     Gourm    .   (no shield)
rNeg     . . .     Faith    .   l - +0 robe
rPois    .         Spirit   .   k - +0 hat
rElec    .         Reflect  .   (no cloak)
rCorr    .         Harm     .   (no gloves)
MR       .....                  (boots unavailable)
Stlth    ++........             (no amulet)
HPRegen  0.08/turn              (no ring)
MPRegen  0.11/turn              (no ring)

@: swift, quick
A: beak, talons 3
a: no special abilities


You were on level 2 of the Dungeon.
You were not hungry.

You visited 1 branch of the dungeon, and saw 3 of its levels.

You collected 76 gold pieces.

Inventory:

Hand Weapons
 a - a +0 hunting sling (weapon)
 b - a +0 dagger
Missiles
 c - 32 sling bullets (quivered)
 d - 26 poisoned darts
 m - 92 stones
Armour
 k - a +0 hat (worn)
 l - a +0 robe (worn)
Scrolls
 g - a scroll of random uselessness {unknown}
 n - 2 scrolls of immolation {unknown}
Potions
 e - a potion of curing {unknown}
 h - a potion of heal wounds {unknown}
 i - a potion of might {unknown}
 j - a potion of degeneration {unknown}
Comestibles
 f - 3 rations
 o - 2 chunks of flesh


   Skills:
 + Level 1.9 Fighting
 - Level 2.1 Dodging
 - Level 2.0 Stealth
 + Level 2.7 Spellcasting
 + Level 3.0 Conjurations
 + Level 4.9 Air Magic


You had 5 spell levels left.
You knew the following spells:

 Your Spells              Type           Power        Failure   Level  Hunger
a - Shock                 Conj/Air       ##..         3%          1    #......
b - Swiftness             Chrm/Air       ##......     11%         2    ##.....

Your spell library contained the following spells:

 Spells                   Type           Power        Failure   Level  Hunger
 Static Discharge         Conj/Air       ##......     12%         3    ###....
 Airstrike                Air            ###.......   26%         4    #####..
 Lightning Bolt           Conj/Air       ##........   71%         5    ######.


Dungeon Overview and Level Annotations

Branches:
Dungeon (3/15)

Altars:
Qazlal

Annotations:
D:3 Robin


Innate Abilities, Weirdness & Mutations

You have a beak for a mouth.
You have claws for feet.


Message History

The zap hits the goblin.
The goblin is severely wounded.
The hobgoblin barely misses you. The goblin closely misses you. x2
Casting: Shock (safe; 3% risk of failure)
Confirm with . or Enter, or press ? or * to list all spells.
Aiming: Shock (safe; 3% risk of failure)
Press: ? - help, Shift-Dir - straight line, f/p - goblin
Aim: a goblin (severely wounded, unusually strong)
The zap hits the goblin.
You kill the goblin!
The hobgoblin barely misses you. The goblin barely misses you.
There are monsters nearby!
Casting: Shock (safe; 3% risk of failure)
Confirm with . or Enter, or press ? or * to list all spells.
You feel quick. The hobgoblin hits you.
* * * LOW HITPOINT WARNING * * *
The goblin closely misses you.
The hobgoblin hits you but does no damage.
The goblin hits you with a +0 dagger.
You die...

#.....# ######### #.....#
#.......# #.....# #......)#
####.....# #.......#
#..'.....# #####.......#
#.##.....# #...#.......#
#.#......#######...#.......#
#.....#...g>g..'...'........
###...#####@####...#.......#
#.........# #...#########
##.###.###.# #...#
#..#.#.#...# #...#
#......#.#.################
#.##.###.#......).รท........
#....#...##################
######.### #...#


You could see a hobgoblin and a goblin.

Vanquished Creatures
  3 adders (D:2)
  An ooze (D:1)
  2 worms (D:2)
  A dart slug (D:2)
  2 leopard geckos
  An orc (D:3)
  A ball python (D:1)
  A bat (D:1)
  A giant cockroach (D:1)
  11 goblins
  10 hobgoblins
  7 jackals
  A frilled lizard (D:2)
  3 kobolds
  6 rats
51 creatures vanquished.

Notes
Turn   | Place    | Note
-------+----------+-------------------------------------------
     0 | D:1      | Gruesph the Tengu Air Elementalist began the quest for the
                  | Orb.
     0 | D:1      | Reached XP level 1. HP: 10/10 MP: 4/4
   313 | D:1      | Reached XP level 2. HP: 16/16 MP: 3/6
   478 | D:1      | Reached skill level 1 in Fighting
   757 | D:1      | Reached XP level 3. HP: 20/20 MP: 5/7
   988 | D:1      | Learned a level 2 spell: Swiftness
  1454 | D:2      | Found a stormy altar of Qazlal.
  1457 | D:2      | Noticed an earth elemental
  1458 | D:2      | Noticed an air elemental
  1458 | D:2      | Noticed a water elemental
  1458 | D:2      | Noticed a fire elemental
  1539 | D:2      | Reached XP level 4. HP: 25/25 MP: 3/8
  2322 | D:3      | Noticed Robin
  2549 | D:2      | Slain by a goblin

Levels and vault maps discovered:
D:1:      dpeg_arrival_tiny_i, layout_rooms, kennysheep_nondescript
D:2:      layout_basic, first_ration, nicolae_qazlal_style_of_elements
D:3:      layout_rooms, uniq_robin, uniq_terence

Skill      XL: |  1  2  3  4 |
---------------+-------------+-----
Conjurations   | 2 3 |  3.0
Fighting       | 1 |  1.9
Dodging        | |  2.1
Stealth        | |  2.0
Spellcasting   | |  2.7
Air Magic      | |  4.9

Action                   |  1- 3 |  4- 6 || total
-------------------------+-------+-------++-------
 Fire: Hunting sling     |     8 |     5 ||    13
Throw: Dart              |     8 |       ||     8
 Cast: Shock             |    62 |    44 ||   106
       Swiftness         |       |     2 ||     2
  Eat: Chunk             |     3 |       ||     3
       Ration            |       |     1 ||     1
Armor: Robe              |     5 |     4 ||     9
Dodge: Dodged            |    23 |    18 ||    41
